 Dungeon Crawl Stone Soup version 0.22.1-1-ga44c0e5 (webtiles) character file.

482 Fang the Chopper (level 7, 0/44 HPs)
             Began as a Gargoyle Berserker on Oct 24, 2018.
             Was a Believer of Trog.
             Slain by an iguana (9 damage)
             ... on level 5 of the Dungeon.
             The game lasted 00:04:53 (4229 turns).

Fang the Chopper (Gargoyle Berserker)               Turns: 4229, Time: 00:04:54

Health: 0/44       AC:  7    Str: 25    XL:     7   Next: 12%
Magic:  7/7        EV: 13    Int:  8    God:    Trog [**....]
Gold:   165        SH:  0    Dex:  9    Spells: 6/6 levels left

rFire    . . .     SeeInvis .   a - +0 hand axe
rCold    . . .     Gourm    .   (no shield)
rNeg     + . .     Faith    .   b - +0 animal skin
rPois    ∞         Spirit   .   (no helmet)
rElec    +         Reflect  .   (no cloak)
rCorr    .         Harm     .   (no gloves)
MR       .....     Rnd*Tele +   (no boots)
Stlth    ++........             q - amulet of inaccuracy (curse)
HPRegen  0.14/turn              r - ring of teleportation (curse)
MPRegen  0.10/turn              n - +3 ring of strength

@: no status effects
A: negative energy resistance 1, electricity resistance, unbreathing,
petrification resistance, rot immunity, AC +4
a: Berserk, Trog's Hand, Renounce Religion


You were on level 5 of the Dungeon.
You worshipped Trog.
Trog was pleased with you.
You were near starving.

You visited 1 branch of the dungeon, and saw 5 of its levels.

You collected 165 gold pieces.

Inventory:

Hand Weapons
 a - a +0 hand axe (weapon)
Armour
 b - a +0 animal skin (worn)
Jewellery
 h - an uncursed amulet of faith
 k - an uncursed ring of poison resistance
 n - a +3 ring of strength (right hand)
 q - a cursed amulet of inaccuracy (around neck)
 r - a cursed ring of teleportation (left hand)
Scrolls
 e - 2 scrolls of immolation {unknown}
 f - a scroll of amnesia {unknown}
 i - 3 scrolls of enchant armour {unknown}
 l - 3 scrolls of remove curse {unknown}
 p - a scroll of teleportation {unknown}
 u - 3 scrolls of enchant weapon {unknown}
 v - 3 scrolls of blinking {unknown}
 w - a scroll of identify {unknown}
 x - a scroll of magic mapping {unknown}
Potions
 d - a potion of heal wounds {unknown}
 g - a potion of mutation {unknown}
 j - a potion of flight {unknown}
 m - a potion of berserk rage {unknown}
 o - a potion of magic {unknown}
 s - a potion of curing {unknown}
 t - 2 potions of degeneration {unknown}
Comestibles
 c - 11 rations


   Skills:
 + Level 4.5 Fighting
 + Level 5.2 Axes
 + Level 2.7 Armour
 + Level 3.4 Dodging
 + Level 1.6 Stealth


You had 6 spell levels left.
You didn't know any spells.
Your spell library was empty.

Dungeon Overview and Level Annotations

Branches:
Dungeon (5/15)
 Temple: D:4-7

Altars:
Fedhas
Nemelex Xobeh


Innate Abilities, Weirdness & Mutations

You are resistant to torment.
Your stone body is resilient. (AC +4)
You are immune to poison.
You resist negative energy. (rN+)
You are resistant to electric shocks. (rElec)
You can survive without breathing.
You are immune to petrification.
You are immune to rotting.


Message History

You hit the orc. You miss the orc. You completely miss the iguana.
You barely miss the orc. The orc barely misses you.
The orc hits you but does no damage. The orc hits you with a club.
The iguana misses you. The orc warrior misses you.
You barely miss the orc warrior.
The orc warrior is lightly wounded.
You hit the orc.
You kill the orc!
Trog accepts your kill.
You hit the orc but do no damage. You closely miss the iguana.
You miss the orc. The orc hits you.
The iguana hisses menacingly.
The iguana completely misses you. The orc hits you but does no damage.
The orc warrior hits you with a dire flail!
* * * LOW HITPOINT WARNING * * *
The orc misses you.
Unknown command.
You see here an orc corpse.
You butcher the orc corpse.
The iguana bites you!
You die...

..(####.......# ..
#.......# ..#
##.......### ...##
#..........# . #...##
#..........# ..
#..###..........#
...####..............#
..<.....#.#..........#
......o@(.#........<.#
......olo.#..........#
..........#######(####
..........# .#
.......#### # ......#
#....# ..... .....


You could see an orc warrior, an iguana and 2 orcs.

Vanquished Creatures
  A hungry ghost (D:4)
  A scorpion (D:4)
  2 centaur skeletons (D:4)
  A bullfrog skeleton (D:4)
  2 worker ants
  2 hound skeletons (D:4)
  5 adders
  An ooze (D:2)
  2 worms (D:2)
  5 dart slugs
  A leopard gecko (D:1)
  5 orcs
  7 bats
  2 giant cockroaches (D:2)
  8 goblins
  6 hobgoblins
  3 jackals (D:4)
  2 quokkas
  4 ball pythons
  6 frilled lizards
  A jackal skeleton (D:4)
  10 kobolds
  7 rats
84 creatures vanquished.

Notes
Turn   | Place    | Note
-------+----------+-------------------------------------------
     0 | D:1      | Fang the Gargoyle Berserker began the quest for the Orb.
     0 | D:1      | Reached XP level 1. HP: 14/14 MP: 1/1
    55 | D:1      | Reached XP level 2. HP: 13/19 MP: 2/2
   213 | D:1      | Reached skill level 3 in Axes
   426 | D:1      | Reached XP level 3. HP: 24/24 MP: 3/3
   456 | D:1      | Reached ** piety under Trog
  1174 | D:2      | Reached XP level 4. HP: 22/29 MP: 4/4
  1375 | D:2      | Found a blossoming altar of Fedhas.
  2048 | D:3      | Found a sparkling altar of Nemelex Xobeh.
  2133 | D:3      | Reached XP level 5. HP: 13/33 MP: 5/5
  2255 | D:3      | Reached skill level 1 in Stealth
  3017 | D:4      | Reached skill level 4 in Axes
  3330 | D:4      | Reached XP level 6. HP: 33/38 MP: 6/6
  3945 | D:4      | Noticed a hungry ghost
  3957 | D:4      | Killed a hungry ghost
  3957 | D:4      | Reached skill level 5 in Axes
  3957 | D:4      | Reached XP level 7. HP: 44/44 MP: 7/7
  4139 | D:4      | Found a blossoming altar of Fedhas.
  4198 | D:5      | Entered Level 5 of the Dungeon
  4229 | D:5      | Slain by an iguana

Skill      XL: |  1  2  3  4  5  6 |
---------------+-------------------+-----
Axes           | 3 4 5 |  5.2
Dodging        | 2 3 |  3.4
Fighting       | 4 |  4.5
Stealth        | 1 |  1.6
Armour         | |  2.7

Action                   |  1- 3 |  4- 6 |  7- 9 || total
-------------------------+-------+-------+-------++-------
Melee: Hand axe          |   101 |   275 |    12 ||   388
Invok: Berserk           |     2 |     4 |       ||     6
 Stab: Sleeping          |     1 |     1 |       ||     2
  Eat: Chunk             |     2 |    10 |       ||    12
       Ration            |       |     1 |       ||     1
Armor: Animal skin       |    28 |   109 |     8 ||   145
Dodge: Dodged            |    85 |   210 |    18 ||   313
